 Dungeon Crawl Stone Soup version 0.18-a0-265-g7d804c3 (webtiles) character file.

167015 Proton the Severer (level 18, -2/148 HPs)
             Began as a Formicid Fighter on Nov 26, 2015.
             Was a High Priest of Cheibriados.
             Slain by the 26-headed Lernaean hydra (9 damage)
             ... on level 4 of the Swamp.
             The game lasted 01:28:00 (30902 turns).

Proton the Severer (Formicid Fighter)              Turns: 30902, Time: 01:28:01

Health: -2/148     AC: 36    Str: 46    XL:     18   Next: 54%
Magic:  9/26       EV: 21    Int: 21    God:    Cheibriados [*****.]
Gold:   3279       SH: 26    Dex: 21    Spells: 0 memorised, 17 levels left

rFire  + + +     SeeInvis +     i - +0 executioner's axe
rCold  + . .     Clarity  .     F - +2 crystal plate armour
rNeg   + . .     SustAt   .     E - +0 large shield {AC+3}
rPois  +         Gourm    .     (helmet unavailable)
rElec  +         Spirit   .     c - +1 cloak {MR+}
rCorr  +         Warding  +     R - +1 pair of gloves "Mezoty" {*Drain rElec rF+++ rCorr}
rMut   .         Stasis   +     X - +1 pair of boots {Stlth+}
MR     +++..                    m - amulet of warding
Stlth  ..........               o - ring of protection from cold
                                v - +3 ring of evasion

@: very slightly contaminated, studying Axes, invisible, very slow, extremely
resistant to hostile enchantments, extremely unstealthy
A: permanent stasis, dig shafts and tunnels, four strong arms, antennae 3,
hooves 2, repulsion field 1, clumsy 1, deterioration 1, fire resistance 1, magic
resistance 1, poison resistance, slow regeneration 1, strong 2
a: Dig, Shaft Self, Bend Time, Temporal Distortion, Slouch, Step From Time,
Renounce Religion


You were on level 4 of the Swamp.
You worshipped Cheibriados.
Cheibriados was extremely pleased with you.
You were hungry.

You visited 5 branches of the dungeon, and saw 32 of its levels.
You also visited: Trove and Bailey.

You collected 3771 gold pieces.
You spent 492 gold pieces at shops.

Inventory:

Hand Weapons
 i - a +0 executioner's axe (weapon)
 U - a +1 falchion of flaming
Armour
 c - a +1 cloak of magic resistance (worn)
 E - a +0 large shield of protection (worn)
 F - a +2 crystal plate armour (worn)
 L - a +3 plate armour of magic resistance
 R - the +1 pair of gloves "Mezoty" (worn) {*Drain rElec rF+++ rCorr}
   (You found it in a treasure trove)

   It renders you almost immune to fire.
   It insulates you from electricity.
   It protects you from acid and corrosion.
   It causes draining when unequipped.
 V - a +0 shield of reflection
 X - a +1 pair of boots of stealth (worn)
 Y - a +2 plate armour of cold resistance
 Z - the +0 pair of boots of Agoraphobia {rF+ rN+}
   (You found it in a treasure trove)

   It protects you from fire.
   It protects you from negative energy.
Jewellery
 m - an amulet of warding (around neck)
 o - a ring of protection from cold (right hand)
 v - a +3 ring of evasion (left hand)
Wands
 a - a wand of disintegration (17)
 b - a wand of fire (6)
Scrolls
 l - 6 scrolls of enchant weapon {unknown}
 s - 7 scrolls of fog
 t - 4 scrolls of immolation
 u - 5 scrolls of enchant armour {unknown}
 w - 5 scrolls of amnesia
 x - 3 scrolls of recharging
 z - a scroll of summoning
 B - 4 scrolls of fear
 I - 8 scrolls of remove curse
 K - 2 scrolls of holy word
 M - 5 scrolls of noise
 O - 4 scrolls of magic mapping
Potions
 d - 10 potions of might
 e - 3 potions of agility
 f - 4 potions of invisibility
 g - 4 potions of brilliance
 h - 6 potions of flight
 n - 5 potions of resistance
 C - 3 potions of ambrosia
 D - 2 potions of heal wounds
 H - 3 potions of lignification
 N - 4 potions of curing
Books
 k - a book of Beasts

   Spells                             Type                      Level
   a - Summon Butterflies             Summoning                    1
   b - Call Canine Familiar           Summoning                    3
   c - Summon Ice Beast               Ice/Summoning                4
   d - Summon Mana Viper              Hexes/Summoning              5
   e - Summon Hydra                   Summoning                    7
 r - a manual of Axes
 P - a book of Annihilations

   Spells                             Type                      Level
   a - Poison Arrow                   Conjuration/Poison           6
   b - Chain Lightning                Conjuration/Air              8
   c - Lehudib's Crystal Spear        Conjuration/Earth            8
   d - Glaciate                       Conjuration/Ice              9
   e - Fire Storm                     Conjuration/Fire             9
Comestibles
 j - 13 royal jellies
 p - 34 fruits
 q - 18 beef jerkies
 A - 9 bread rations
 G - 9 meat rations


   Skills:
 + Level 14.8 Fighting
 * Level 18.4 Axes
 + Level 14.7 Armour
 + Level 9.6 Dodging
 + Level 15.2 Shields
 - Level 11.0 Invocations


You had 17 spell levels left.
You didn't know any spells.

Dungeon Overview and Level Annotations

Branches:
Dungeon (15/15)            Temple (1/1) D:6            Lair (8/8) D:10
  Swamp (4/4) Lair:3        Snake (0/4) Lair:3        Slime (0/6) Lair:8
    Orc (4/4) D:11            Elf (0/3) Orc:4        Vaults (0/5) D:14
 Depths (0/5) D:15

Altars:
Ashenzari
Cheibriados
Elyvilon
Fedhas
Gozag
Kikubaaqudgha
Makhleb
Okawaru
Qazlal
Ru
Sif Muna
Trog
Vehumet
Yredelemnul
The Shining One
Beogh

Shops:
D:5 *   D:9 =   D:10 (   Orc:1 [   Orc:3 }   Orc:4 :?[(

Annotations:
Lair:7 exclusion: 3 oklob plants
Swamp:4 Lernaean hydra


Innate Abilities, Weirdness & Mutations

You are under a permanent stasis effect.
You can dig through walls and to a lower floor.
Your four strong arms can wield two-handed weapons with a shield.
You have a pair of large antennae on your head (SInv).
You have hoof-like feet.
You are surrounded by a mild repulsion field (EV +2).
You are clumsy. (Dex -2)
Your body sometimes deteriorates upon taking damage.
Your flesh is heat resistant.
You are resistant to hostile enchantments.
Your system is resistant to poisons.
You regenerate slowly when monsters are visible.
Your muscles are very strong. (Str +4)


Message History

The 26-headed Lernaean hydra closely misses you.
The 26-headed Lernaean hydra bites you but does no damage.
The 26-headed Lernaean hydra misses you.
You step out of the flow of time.
You hear a crashing sound. x20
You return to the normal time flow.
You are feeling hungry.
Cheibriados reduces the support of your attributes as your movement quickens.
The 26-headed Lernaean hydra roars!
You hear a shout!
Press: ? - help, v - describe, . - travel
Here: the 26-headed Lernaean hydra Some shallow water.
Drink which item? (? for menu, Esc to quit)
You fade into invisibility!
You are very lightly contaminated with residual magic.
The 26-headed Lernaean hydra bites you but does no damage.
You block the 26-headed Lernaean hydra's attack. x3
The 26-headed Lernaean hydra bites you but does no damage.
The 26-headed Lernaean hydra bites you!
You die...

≈≈♣ ♣♣♣≈≈♣♣♣♣♣♣♣
#####≈≈≈≈≈...≈≈≈ #
##...##.#......## [##
#.....#.≈.≈.≈≈.≈# ../#
#..(..#.8...P.8.# .φ..#
#..÷..#≈...#≈...#.....#
♣##....'.(....P@D'....#
♣≈####÷#...#..P..#'####
♣≈#.≈..÷≈(.≈.≈.(...≈.
♣≈#.8.8÷(..≈..≈≈(.8.8≈#
♣.......≈..≈#P..P.P.....
♣.#...)...P⌠#⌠)..%..P..≈
♣.....###########..#.[..
♣.....)....⌠# #...≈.
♣♣.........≈P#


P You could see the 26-headed Lernaean hydra.

Vanquished Creatures
  2 thorn hunters
  Donald (Orc:4)
  Maud (D:12)
  2 very ugly things
  A dire elephant (Lair:7)
  Erolcha (Orc:3)
  3 ice dragons
  25 hydras
  3 catoblepae
  A centaur warrior (D:13)
  6 death yaks
  A tengu warrior (D:14)
  8 alligators
  3 orc high priests (Orc:4)
  Sonja (Orc:3)
  Nergalle (D:12)
  2 skeletal warriors (D:15)
  An unseen horror (D:12)
  2 spriggan druids
  8 hill giants
  3 shambling mangroves
  5 orc knights
  14 swamp dragons
  A phantasmal warrior (D:15)
  Pikel (D:9)
  3 necromancers
  2 lindwurms
  6 cyclopes
  4 griffons
  2 hornets
  A shadow dragon skeleton (D:15)
  6 orc sorcerers
  A manticore (D:15)
  9 ugly things
  A frost giant skeleton (D:15)
  5 elephants (Lair:8)
  6 torpor snails
  2 black mambas
  2 fire drakes
  16 spiny frogs
  A freezing wraith (D:11)
  14 komodo dragons
  2 tengu conjurers
  9 polar bears
  13 giant leeches
  13 trolls
  2 raiju (Lair:8)
  34 slime creatures
  The ghost of P0WERM0DE the Chopper, an amateur DsCK of Xom (D:6)
  15 bog bodies
  5 two-headed ogres
  18 blink frogs
  A spriggan zombie (D:15)
  A queen bee (D:11)
  8 shadows
  2 wraiths
  Sigmund (D:2)
  76 yaks
  7 spriggans
  2 wyverns
  2 basilisks
  30 vampire mosquitoes
  2 deep elf magi (D:11)
  11 hippogriffs
  10 insubstantial wisps
  19 swamp worms
  3 nagas (Lair:3)
  20 water moccasins
  11 wargs
  29 wolves
  4 hell hounds (Lair:8)
  A slave (D:9)
  A hydra simulacrum (Swamp:3)
  14 swamp drakes
  23 orc warriors
  15 wasps
  20 porcupines
  10 ice beasts
  7 sky beasts
  2 phantoms
  14 black bears
  7 necrophages
  25 centaurs
  13 ogres
  4 big kobolds
  23 giant frogs
  Blork the orc (D:14)
  A yaktaur zombie (D:15)
  16 crocodiles
  8 gnoll sergeants (Bailey)
  4 scorpions
  27 killer bees
  18 wights
  5 electric eels
  5 crimson imps
  4 jellies
  3 centaur zombies
  A wyvern simulacrum (D:14)
  A giant frog zombie (D:13)
  32 orc wizards
  6 gnoll shamans (Bailey)
  30 orc priests
  5 giant frog skeletons
  18 hounds
  6 centaur skeletons
  7 iguanas
  17 sheep
  16 worker ants
  4 hell rats (Lair:8)
  A killer bee zombie (D:7)
  A hound zombie (D:7)
  2 hound skeletons
  2 worker ant zombies
  7 adders
  18 gnolls
  75 river rats
  5 shadow imps
  6 oozes
  2 adder skeletons
  22 worms
  7 giant geckos
  184 orcs
  2 ball pythons
  5 giant cockroaches
  12 goblins
  6 hobgoblins
  7 jackals
  7 kobolds
  2 quokkas
  6 bats
  6 giant newts
  2 jackal zombies
  2 rats
  4 briar patches (Swamp:3)
  A butterfly (Lair:1)
  9 fungi
  7 plants
1353 creatures vanquished.

Vanquished Creatures (others)
  2 torpor snails (Lair:8)
  A spiny frog (Swamp:1)
  A swamp worm (Swamp:4)
  A slave (D:9)
  A worm (Lair:8)
  3 orcs
  A briar patch (Swamp:3)
  20 fungi
  20 plants
  15 toadstools (Lair:7)
65 creatures vanquished.

Grand Total: 1418 creatures vanquished

Notes
Turn   | Place    | Note
--------------------------------------------------------------
     0 | D:1      | Proton the Formicid Fighter began the quest for the Orb.
     0 | D:1      | Reached XP level 1. HP: 18/18 MP: 1/1
   159 | D:1      | Reached XP level 2. HP: 24/24 MP: 2/2
   809 | D:2      | Noticed Sigmund
   829 | D:2      | HP: 1/24 [Sigmund/scythe (5)]
   856 | D:2      | Found a glowing golden altar of the Shining One.
   865 | D:3      | You fall through a shaft!
  1226 | D:4      | Reached XP level 3. HP: 20/30 MP: 3/3
  1226 | D:4      | Reached XP level 4. HP: 24/37 MP: 4/4
  1232 | D:4      | Reached skill level 4 in Shields
  1480 | D:4      | Reached XP level 5. HP: 42/42 MP: 5/5
  1517 | D:4      | Found an ancient bone altar of Kikubaaqudgha.
  1889 | D:3      | Found a shattered altar of Ashenzari.
  1904 | D:3      | You fall through a shaft!
  2644 | D:3      | Reached XP level 6. HP: 41/49 MP: 6/6
  3025 | D:2      | Killed Sigmund
  3025 | D:2      | Reached XP level 7. HP: 39/55 MP: 7/7
  3169 | D:2      | Reached skill level 5 in Fighting
  3323 | D:5      | Entered Level 5 of the Dungeon
  3398 | D:5      | Found Fzipn's Fabulous Fripperies.
  3401 | D:5      | Reached skill level 5 in Shields
  3446 | D:5      | Reached skill level 5 in Axes
  3641 | D:5      | Reached skill level 5 in Armour
  3655 | D:5      | Reached XP level 8. HP: 60/63 MP: 8/8
  4135 | D:5      | Reached skill level 6 in Axes
  4366 | D:6      | Reached skill level 7 in Axes
  4366 | D:6      | Reached XP level 9. HP: 66/69 MP: 9/9
  4380 | D:6      | Found a staircase to the Ecumenical Temple.
  4476 | D:7      | Found a radiant altar of Vehumet.
  4574 | Temple   | Entered the Ecumenical Temple
  4585 | Temple   | Became a worshipper of Cheibriados the Contemplative
  4831 | D:6      | Noticed P0WERM0DE's ghost (amateur DsCK)
  4847 | D:6      | Killed P0WERM0DE's ghost
  4926 | D:6      | Found a bloodstained altar of Trog.
  4938 | D:6      | Found a stormy altar of Qazlal.
  4982 | D:6      | Found a blossoming altar of Fedhas.
  5478 | D:7      | Reached skill level 8 in Axes
  5486 | D:7      | Reached * piety under Cheibriados
  6133 | D:8      | Reached XP level 10. HP: 79/79 MP: 10/10
  6311 | D:8      | Reached ** piety under Cheibriados
  6320 | D:8      | Reached skill level 9 in Axes
  6357 | D:8      | Noticed a three-headed hydra
  6371 | D:8      | Killed a one-headed hydra
  6658 | D:9      | Got an ancient trident
  6659 | D:9      | Identified the cursed +2 trident "Newt's Funeral" {drain, Int+4} (You found it on level 9 of the Dungeon)
  6733 | D:9      | Found Miorar's Jewellery Shoppe.
  6883 | D:9      | Gained mutation: Your body sometimes deteriorates upon taking damage. [potion of mutation]
  6883 | D:9      | Gained mutation: You are resistant to hostile enchantments. [potion of mutation]
  6883 | D:9      | Gained mutation: You have large cloven feet. [potion of mutation]
  6966 | D:9      | Reached *** piety under Cheibriados
  7041 | D:9      | Noticed Pikel
  7051 | D:9      | Killed Pikel
  7051 | D:9      | Reached skill level 10 in Axes
  7051 | D:9      | Reached XP level 11. HP: 87/87 MP: 11/11
  7339 | D:10     | Entered Level 10 of the Dungeon
  7427 | D:10     | Found Poeseips's Weapon Boutique.
  7613 | D:10     | Noticed a hill giant
  7618 | D:10     | Killed a hill giant
  7641 | D:10     | Noticed a hill giant
  7650 | D:10     | Killed a hill giant
  7717 | D:10     | Reached **** piety under Cheibriados
  7722 | D:10     | Reached skill level 11 in Axes
  7995 | D:10     | Found a staircase to the Lair.
  8637 | D:11     | Found a staircase to the Orcish Mines.
  8763 | D:11     | Reached ***** piety under Cheibriados
  8767 | D:11     | Reached skill level 10 in Shields
  9115 | D:11     | Reached XP level 12. HP: 89/97 MP: 12/12
  9363 | D:11     | Reached skill level 1 in Invocations
  9365 | D:11     | Reached skill level 1 in Dodging
  9696 | D:11     | Reached skill level 10 in Fighting
  9921 | D:12     | Reached skill level 12 in Axes
  9923 | D:12     | Noticed Nergalle
  9934 | D:12     | Killed Nergalle
  9982 | D:12     | Reached skill level 10 in Armour
  9991 | D:12     | Reached ****** piety under Cheibriados
 10061 | D:12     | Noticed Maud
 10074 | D:12     | Killed Maud
 10377 | D:12     | Reached XP level 13. HP: 102/104 MP: 16/16
 10591 | D:13     | Reached skill level 5 in Invocations
 10593 | D:13     | Found a portal to a secret trove of treasure.
 10650 | D:13     | Found a flagged portal.
 10657 | Bailey   | Entered a bailey
 11101 | D:13     | Reached skill level 13 in Axes
 11203 | D:13     | Gained mutation: You are partially covered in molten scales (AC +1). [potion of mutation]
 11203 | D:13     | Gained mutation: You are surrounded by a mild repulsion field (EV +2). [potion of mutation]
 11203 | D:13     | Gained mutation: You are agile. (Dex +2) [potion of mutation]
 12339 | D:14     | Got a translucent scale mail
 12353 | D:14     | Identified the cursed +0 scale mail of Hedge Wizardry {rElec} (You found it on level 14 of the Dungeon)
 12397 | D:14     | Reached XP level 14. HP: 59/113 MP: 18/18
 12594 | D:14     | Found a gate to the Vaults.
 12862 | D:14     | Reached skill level 5 in Dodging
 12873 | D:14     | Gained mutation: You have hoof-like feet. [mutagenic meat]
 12874 | D:14     | Lost mutation: You are agile. (Dex +2) [mutagenic meat]
 12876 | D:14     | Gained mutation: You are partially covered in thin metallic scales (AC +2). [mutagenic meat]
 12879 | D:14     | Gained mutation: Your muscles are strong. (Str +2) [mutagenic meat]
 12880 | D:14     | Gained mutation: Your system is resistant to poisons. [mutagenic meat]
 13147 | D:14     | Lost mutation: Your muscles are strong. (Str +2) [mutagenic meat]
 13148 | D:14     | Lost mutation: You are partially covered in thin metallic scales (AC +2). [mutagenic meat]
 13149 | D:14     | Gained mutation: You are frail (-10% HP). [mutagenic meat]
 13277 | D:14     | Noticed Blork the orc
 13286 | D:14     | Found a deep blue altar of Sif Muna.
 13294 | D:14     | Killed Blork the orc
 13466 | D:15     | Entered Level 15 of the Dungeon
 13558 | D:15     | HP: 1/102 [very large slime creature (13)]
 14498 | D:15     | Found a staircase to the Depths.
 14984 | D:15     | Found a snail-covered altar of Cheibriados.
 15118 | D:15     | Gained mutation: You regenerate slowly when monsters are visible. [mutagenic meat]
 15119 | D:15     | Gained mutation: Armour fits poorly on your strangely shaped body. [mutagenic meat]
 15121 | D:15     | Gained mutation: Scrolls take you a little longer to read. [mutagenic meat]
 15123 | D:15     | Gained mutation: Your muscles are strong. (Str +2) [mutagenic meat]
 15125 | D:15     | Lost mutation: Armour fits poorly on your strangely shaped body. [mutagenic meat]
 15646 | D:11     | Reached skill level 14 in Axes
 15651 | Orc:1    | Entered Level 1 of the Orcish Mines
 15809 | Orc:1    | Found a roughly hewn altar of Beogh.
 15926 | Orc:1    | Found Beahe's Armour Shop.
 16128 | Orc:2    | Reached XP level 15. HP: 102/108 MP: 21/21
 16667 | Orc:3    | Noticed Erolcha
 16675 | Orc:3    | Killed Erolcha
 16961 | Orc:3    | Noticed Sonja
 16972 | Orc:3    | Killed Sonja
 17152 | Orc:4    | Entered Level 4 of the Orcish Mines
 17164 | Orc:4    | Noticed Donald
 17180 | Orc:4    | Killed Donald
 17376 | Orc:4    | HP: 4/109 [orc high priest/divine providence (12)]
 17383 | Orc:4    | HP: 1/109 [orc priest/divine providence (14)]
 17463 | Orc:4    | Lost mutation: You are frail (-10% HP). [potion of mutation]
 17721 | Orc:4    | Found Zoaxtu's Book Boutique.
 17721 | Orc:4    | Found Usag Utwall's Magic Scroll Emporium.
 17723 | Orc:4    | Found Namenico's Antique Armour Boutique.
 17723 | Orc:4    | Found Taismewi's Antique Weapon Emporium.
 17772 | Orc:4    | Bought a transparent chain mail for 294 gold pieces
 17783 | Orc:4    | Identified the cursed +1 chain mail of Naghousi {+Fly} (You bought it in a shop on level 4 of the Orcish Mines)
 17911 | Orc:4    | Found a staircase to the Elven Halls.
 18158 | Orc:3    | Found Moyhenuy's Gadget Boutique.
 18360 | Lair:1   | Entered Level 1 of the Lair of Beasts
 18441 | D:11     | Lost mutation: Your body sometimes deteriorates upon taking damage. [mutagenic meat]
 18483 | Orc:1    | Bought a +1 cloak of magic resistance for 198 gold pieces
 18934 | Lair:1   | Found a shattered altar of Ashenzari.
 19057 | Lair:1   | You fall through a shaft!
 19803 | Lair:3   | Found a staircase to the Snake Pit.
 19889 | Lair:3   | Found a staircase to the Swamp.
 20902 | Lair:4   | Reached skill level 10 in Invocations
 21234 | Lair:4   | Gained mutation: Your muscles are very strong. (Str +4) [potion of beneficial mutation]
 21301 | Lair:5   | Reached XP level 16. HP: 128/130 MP: 23/23
 22316 | Lair:6   | Lost mutation: You are partially covered in molten scales (AC +1). [potion of mutation]
 22316 | Lair:6   | Gained mutation: Your flesh is heat resistant. [potion of mutation]
 22316 | Lair:6   | Lost mutation: Scrolls take you a little longer to read. [potion of mutation]
 23926 | Lair:7   | Reached skill level 15 in Axes
 24456 | Lair:8   | Entered Level 8 of the Lair of Beasts
 25370 | Lair:8   | Reached XP level 17. HP: 138/138 MP: 25/25
 25398 | Lair:8   | Found a runed door.
 25757 | Lair:8   | Found a staircase to the Slime Pits.
 26284 | Lair:3   | Reached skill level 16 in Axes
 26454 | D:13     | You paid a toll of 14 potions of curing to enter a treasure trove
 26455 | Trove    | Entered a treasure trove
 26479 | Trove    | Got a pair of steaming gloves
 26486 | Trove    | Got a faintly humming ring mail
 26494 | Trove    | Got a pair of crude boots
 26509 | Trove    | Identified the +1 pair of gloves "Mezoty" {*Drain rElec rF+++ rCorr} (You found it in a treasure trove)
 26519 | Trove    | Identified the +0 pair of boots of Agoraphobia {rF+ rN+} (You found it in a treasure trove)
 26556 | Trove    | Identified the cursed +0 ring mail "Kischoido" {+Blink} (You found it in a treasure trove)
 26889 | Swamp:1  | Entered Level 1 of the Swamp
 28358 | Swamp:2  | Reached skill level 17 in Axes
 28944 | Swamp:3  | Gained mutation: Your body sometimes deteriorates upon taking damage. [mutagenic meat]
 28946 | Swamp:3  | Gained mutation: You are clumsy. (Dex -2) [mutagenic meat]
 29496 | Swamp:4  | Entered Level 4 of the Swamp
 29505 | Swamp:4  | Reached XP level 18. HP: 140/147 MP: 26/26
 29811 | Swamp:3  | Reached skill level 18 in Axes
 29811 | Swamp:3  | Reached skill level 15 in Shields
 30888 | Swamp:4  | Noticed the 27-headed Lernaean hydra
 30899 | Swamp:4  | HP: 6/148 [the 26-headed Lernaean hydra (8)]
 30902 | Swamp:4  | Slain by the 26-headed Lernaean hydra

Vault maps used:
D:1:      dpeg_arrival_rhombi, minmay_misc_feat_square
D:2:      tso_metal_star, uniq_sigmund
D:3:      ashenzari_conservatory_becter, first_bread
D:4:      lemuel_crystal_altar
D:5:      nicolae_alphabet_shops
D:6:      minitemple, fedhas_altar_1, minmay_temple_entry_from_below_a
D:7:      vehumet_crystals, kennysheep_generic_room_11
D:8:      hangedman_ranch, basic_loot_grate_trap
D:9:      serial_shops, shop, uniq_pikel
D:10:     minmay_lair_entry_lava, serial_shops,
          nicolae_shop_competitors_out_of_business, serial_glass,
          glass_columns_a, glass_columns_a, minivault_1
D:11:     minmay_diamond_stairs, orc_0_dummy, special_room, uniq_urug
D:12:     uniq_nergalle, uniq_maud
D:13:     portal_ice_cave_entry_ice_beasts, enter_bailey_3,
          nicolae_trove_entry_crossroad
D:14:     david_vaults_1, tgw_sif
D:15:     gammafunk_depths_entry_grave, cheibriados_altar_1
Temple:   circular_temple_12
Lair:1:   basic_altar, lemuel_fruit_fields
Lair:3:   minmay_swamp_entry_reptiles, guppyfry_snake_entry_garden
Lair:4:   hibernation_bobbens
Lair:6:   bh_autumn_forest_stairs
Lair:7:   gammafunk_lair_enchanted_lake, dpeg_oklob_1, grunt_megastairs_2
Lair:8:   wormcave, hangedman_lair_caniforms_friends,
          nicolae_slime_entry_slimehenge, serial_bayou_shore_b,
          grunt_megastairs_1, serial_bayou_shore_b
Swamp:1:  evilmike_swamp_ruin_house_3
Swamp:2:  hangedman_swamp_ruin_hall, roderic_carrion_pond,
          infiniplex_staircase_pool_2
Swamp:3:  hangedman_swamp_blocks, hangedman_swamp_double_dragon
Swamp:4:  grunt_swamp_rune_castle, swamp_pool1, uniq_louise
Orc:1:    nicolae_orc_accident_2, serial_shops, nicolae_shop_behind_doors
Orc:3:    serial_shops, shop, nicolae_orc_pool_cavern, uniq_sonja, uniq_erolcha
Orc:4:    grunt_orc_tribal_feast, nicolae_orc_tapped_out, uniq_donald
Trove:    trove_armour_1
Bailey:   bailey_polearm_gnolls_kennysheep, bailey

Action                   |  1- 3 |  4- 6 |  7- 9 | 10-12 | 13-15 | 16-18 || total
-------------------------+-------+-------+-------+-------+-------+-------++-------
Melee: War axe           |    69 |   143 |    62 |       |    68 |       ||   342
       Battleaxe         |       |       |   206 |   504 |   875 |       ||  1585
       Trident           |       |       |       |    55 |       |       ||    55
       Falchion          |       |       |       |    13 |    33 |   113 ||   159
       Executioner's axe |       |       |       |       |   236 |  1011 ||  1247
Invok: Temporal Distorti |       |       |       |     1 |       |     1 ||     2
       Bend Time         |       |       |       |       |     3 |     8 ||    11
       Slouch            |       |       |       |       |     5 |     8 ||    13
       Step From Time    |       |       |       |       |     1 |     1 ||     2
 Abil: Shaft Self        |     1 |     1 |       |       |       |       ||     2
       Dig               |       |       |     1 |     1 |     2 |       ||     4
Evoke: Wand              |       |       |       |     3 |     4 |       ||     7
  Use: Potion            |     1 |       |       |     1 |    10 |     2 ||    14
       Scroll            |       |       |       |    11 |    12 |    12 ||    35
 Stab: Petrifying        |       |       |       |       |       |     3 ||     3
       Confused          |       |       |       |       |       |     4 ||     4
  Eat: Bread ration      |     1 |       |     2 |       |     2 |     2 ||     7
       Meat ration       |       |     1 |       |       |     2 |     2 ||     5
       Pizza             |       |       |     1 |     4 |     3 |       ||     8
       Chunk             |       |       |       |     1 |    26 |     5 ||    32
       Beef jerky        |       |       |       |       |       |     1 ||     1
       Fruit             |       |       |       |       |       |     2 ||     2
